cohdb
Replays
Latest Replays
All Replays
Popular Replays
Top Player Replays
Match Explorer
How It Works
Community
CoH3 Stats
Reddit
Sign in to upload your games and track your stats! →
Sign in with Steam
Match 41601771
Unlisted
Match 41601771
Overview
Messages
Build Orders
End
Construct Barracks
Selects Advanced Infantry Battlegroup
Riflemen Squad
Riflemen Squad
Riflemen Squad
Grenade Package
Infantry Support Center
Riflemen Squad
Selects Convert to Ranger Squad
M1918 Browning Automatic Rifles
Selects Frontline Medical Station
Frontline Medical Station
Construct Weapon Support Center
Bazooka Squad
Selects Infantry Assault
Bazooka Squad
Improved M9 Bazooka Rockets
Advanced Logistics
Selects Ammunition Storage
Selects M2A1 105mm Howitzer Emplacement
Riflemen Squad
UMirinBrah?
Fey Mood
Dark Angels
罗德哈特
MatioS
Zbirga
[82AD] Janko
Dirkradix
0
0
Comments
sign in to comment!
No comments posted yet!